Map: Ultralove

Players

llllllllllll - Winner!

  • Race: Protoss Protoss
  • League: Diamond
  • Spawn Location: 1:00

스인망

  • Race: Protoss Protoss
  • League: Diamond
  • Spawn Location: 7:00

VOD

Have the link to the VOD?

Description

Time

  • Played on: April 25, 2025, 7:56 a.m.
  • Length: 3:54
Show
View Real Time Build Order
Export as new Build Order

llllllllllll Protoss - Winner!

Build Orders:  

Get SALT Encoding   

  12  0:01  Probe  
  13  0:13  Probe  
  14  0:19  Pylon  
  14  0:25  Probe  
  15  0:38  Gateway  
  15  0:41  Assimilator  
  15  0:49  Pylon  
  15  1:07  Gateway  
  15  1:13  Gateway  
  15  1:27  Cybernetics Core  
  15  1:31  Probe  
  16  1:43  Probe  
  17  1:51  Stalker  
  17  1:52  Stalker  
  21  2:09  Pylon  
  21  2:13  Stalker  
  23  2:28  Adept  
  23  2:29  Stalker  
  27  2:39  Stalker  
  27  3:02  Stalker  
  28  3:18  Stalker  
Show
View Real Time Build Order
Export as new Build Order

스인망 Protoss 

Build Orders:  

Get SALT Encoding   

  12  0:00  Probe  
  13  0:13  Probe  
  14  0:19  Pylon  
  14  0:25  Probe  
  15  0:35  Probe  
  15  0:40  Gateway  
  16  0:44  Assimilator, Probe  
  17  0:53  Probe  
  18  1:05  Probe  
  19  1:17  Probe  
  20  1:27  Cybernetics Core  
  20  1:29  Gateway  
  20  1:30  Zealot  
  22  1:33  Pylon  
  22  1:35  Probe  
  22  1:39  Assimilator  
  23  1:51  Probe  
  24  2:04  Stalker  
  24  2:07  Warp Gate  
  24  2:10  Shield Battery  
  24  2:11  Stalker  
  28  2:31  Shield Battery  
  28  2:33  Pylon  
  28  2:38  Stalker  
  28  2:39  Shield Battery  
  28  2:55  Pylon  
  28  2:56  Stalker  
  28  3:11  Pylon  
  28  3:12  Stalker  
Tags
 
Matchup
PvP
Replay Pack
kreditionep2
Spawn Locations
Cross Positions
Add a new tag
Caveats
  • Supply blocks, unpowered buildings, or Contaminate may cause inaccurate times.
  • Supply counts are checked every 10 seconds.